Unix NetHack Version 3.7.0-86 Work-in-progress - last build May 30 2023 01:50:43 (cc98dc9aa62a9957b082a042edf5bd7ec9f632c7,branch:master). Game began 2023-06-04 07:42:49, ended 2023-06-04 17:15:32. spline, lawful female dwarven Valkyrie .. . ------. 0| ---..--... .| - |.......... .|.| |........... ..#.| --...... ..........|.| |(...................| --..).-%..--.......|.- |.......------.)-.|.. ..))..-------....| -- ....).........--.| ....%o----....|..| ....o@o..*.......| .....o..f.......| .........-----.| ----- |)| ... |*-----------#--- |...............0 ----------------- Spline the Skirmisher St:18/01 Dx:14 Co:18 In:7 Wi:9 Ch:8 Lawful Dlvl:6 $:0 HP:0(67) Pw:7(7) AC:6 Xp:5/290 T:1440 Latest messages: The orc-captain hits! The orc-captain swings his scimitar. The orc-captain hits again! You miss the orc-captain. Baneaotha of Ogulog swings his scimitar. Baneaotha of Ogulog hits! The orc-captain wields an orcish dagger! Are you sure you want to pray? [yn] (n) y You begin praying to Tyr. You are surrounded by a shimmering light. Baneaotha of Ogulog starts to attack you, but pulls back. The orc-captain starts to attack you, but pulls back. The orc-captain starts to attack you, but pulls back. Morris drops an arrow. Baneaotha of Ogulog starts to attack you, but pulls back. The orc-captain starts to attack you, but pulls back. The orc-captain starts to attack you, but pulls back. Baneaotha of Ogulog starts to attack you, but pulls back. The orc-captain starts to attack you, but pulls back. The orc-captain starts to attack you, but pulls back. You finish your prayer. You feel that Tyr is well-pleased. You feel much better. You hit the orc-captain! Baneaotha of Ogulog swings his scimitar. Baneaotha of Ogulog hits! The orc-captain swings his scimitar. The orc-captain hits! The orc-captain swings his scimitar. The orc-captain hits again! You hit the orc-captain! You miss the orc-captain. Baneaotha of Ogulog swings his scimitar. Baneaotha of Ogulog hits! The orc-captain swings his scimitar. The orc-captain hits! The orc-captain swings his scimitar. The orc-captain hits again! The orc-captain picks up an arrow. You climb up the stairs. You see here a blue gem. You descend the stairs. Baneaotha of Ogulog swings his scimitar. Baneaotha of Ogulog hits! You die... Do you want your possessions identified? [ynq] (y) n Do you want to see your attributes? [ynq] (y) n Do you want an account of creatures vanquished? [ynaq] (y) n Do you want to see your conduct and achievements? [ynq] (y) n Do you want to see the dungeon overview? [ynq] (y) n Inventory: Weapons n - 13 +0 darts (at the ready) b - a +0 dagger (alternate weapon; not wielded) a - a +1 dwarvish spear (weapon in hand) Armor c - an uncursed +3 small shield (being worn) Comestibles o - 6 uncursed food rations j - an uncursed tripe ration g - 2 uncursed lichen corpses Scrolls r - an uncursed scroll of amnesia i - an uncursed scroll of blank paper m - an uncursed scroll of enchant armor s - a cursed scroll of food detection e - an uncursed scroll of teleportation Potions h - an uncursed potion of booze f - an uncursed potion of gain energy p - a cursed potion of see invisible k - a blessed potion of speed Rings u - a cursed -2 ring of adornment Wands t - a wand of cold (0:4) l - a wand of magic missile (0:0) Tools q - a cursed oil lamp Spline the Valkyrie's attributes: Background: You were a Skirmisher, a level 5 dwarven Valkyrie. You were lawful, on a mission for Tyr who was opposed by Odin (neutral) and Loki (chaotic). You were in the Gnomish Mines, on level 6. You entered the dungeon 1440 turns ago. There was a full moon in effect when your adventure ended. You had 290 experience points, 30 more were needed to attain level 6. Basics: You had 0 out of 67 hit points. You had all 7 energy points (spell power). Your armor class was 6. Your wallet was empty. Autopickup was off. Final Characteristics: Your strength was 18/01 (limit:18/100). Your dexterity was 14 (limit:20). Your constitution was 18 (limit:20). Your intelligence was 7 (limit:16). Your wisdom was 9 (limit:16). Your charisma was 8 (limit:16). Final Status: You were not hungry. You were unencumbered. You were wielding a spear. You had basic skill with spear. Final Attributes: You were devoutly aligned. You were cold resistant. You were telepathic. You had infravision. You were stealthy. You were lucky. You are dead. Miscellaneous: You encountered 1 bones level. Total elapsed playing time was 1 hour, 33 minutes and 31 seconds. Major events: Turn 1: spline the lawful dwarven Valkyrie entered the dungeon 528: entered the Gnomish Mines 1010: attained the rank of Skirmisher (level 3) 1337: destroyed mobx's ghost, the former Field Worker 1440: killed by a hill orc called Baneaotha of Ogulog Vanquished creatures: a ghost a Mordor orc an orc shaman a gnome leader a giant ant a floating eye a homunculus 9 hill orcs 3 rothes an iguana 2 hobbits 2 large kobolds 12 gnomes 2 geckos 2 jackals a kobold 2 goblins 4 grid bugs 3 lichens a kobold zombie a newt 52 creatures vanquished. No species were genocided or became extinct. Voluntary challenges: You read items or engraved 1 time. You never engraved Elbereth. You never genocided any monsters. You never polymorphed an object. You never changed form. You used no wishes. Achievements: You entered the Gnomish Mines. You attained the rank of Skirmisher. The Dungeons of Doom: levels 1 to 2 Level 1: Some fountains. Level 2: An altar. Stairs down to The Gnomish Mines. The Gnomish Mines: levels 3 to 6 Level 3: Level 4: Level 5: Level 6: <- You were here. A grave. Final resting place for you, killed by a hill orc called Baneaotha of Ogulog, mobx-Arc-Gno-Fem-Neu, killed by a hill orc called Aiulogthos of Ogulog. Game over: ---------- / \ / REST \ / IN \ / PEACE \ / \ | spline | | 0 Au | | killed by a hill | | orc called | | Baneaotha of | | Ogulog | | 2023 | *| * * * | * _________)/\\_//(\/(/\)/\//\/|_)_______ Farvel spline the Valkyrie... You died in The Gnomish Mines on dungeon level 6 with 1420 points, and 0 pieces of gold, after 1440 moves. You were level 5 with a maximum of 67 hit points when you died.